Map: Beckett Industries LE

Players

Asuna - Winner!

  • Race: Protoss Protoss

MCanning

  • Race: Protoss Protoss

VOD

Have the link to the VOD?

Description

Time

  • Played on: Oct. 9, 2021, 3:40 p.m.
  • Length: 3:25
Show
View Real Time Build Order
Export as new Build Order

Asuna Protoss - Winner!

Build Orders:  

Get SALT Encoding   

  12  0:00  Probe  
  13  0:12  Probe  
  14  0:24  Probe  
  14  0:28  Pylon  
  15  0:46  Gateway  
  15  0:47  Gateway  
  15  0:58  Forge  
  15  1:17  Pylon  
  15  1:36  Photon Cannon  
  15  1:37  Photon Cannon  
  15  1:38  Zealot (Chrono Boost)  
  17  1:41  Zealot (Chrono Boost)  
  17  1:45  Probe  
  20  1:56  Assimilator  
  22  2:04  Probe  
  22  2:06  Zealot (Chrono Boost)  
  23  2:10  Zealot (Chrono Boost)  
  25  2:24  Pylon  
  25  2:26  Zealot  
  27  2:30  Zealot  
  27  2:43  Probe  
  27  2:48  Pylon  
  25  3:00  Probe  
  26  3:12  Probe  
  27  3:19  Cybernetics Core  
Show
View Real Time Build Order
Export as new Build Order

MCanning Protoss 

Build Orders:  

Get SALT Encoding   

  12  0:00  Probe  
  13  0:12  Probe  
  14  0:17  Pylon  
  14  0:24  Probe  
  15  0:36  Probe (Chrono Boost)  
  15  0:38  Gateway  
  16  0:47  Assimilator, Probe (Chrono Boost)  
  17  0:52  Probe (Chrono Boost)  
  17  0:56  Assimilator  
  18  1:03  Probe (Chrono Boost)  
  19  1:15  Gateway  
  19  1:18  Pylon  
  19  1:20  Forge  
  19  1:30  Cybernetics Core  
  19  1:48  Gateway  
  19  1:53  Photon Cannon  
  19  1:57  Probe  
  20  2:08  Shield Battery  
  20  2:12  Pylon  
  20  2:18  Assimilator  
  20  2:40  Stargate  
  20  2:46  Shield Battery  
  20  2:51  Probe  
Tags
 
Add a new tag
Caveats
  • Supply blocks, unpowered buildings, or Contaminate may cause inaccurate times.
  • Supply counts are checked every 10 seconds.